 Dungeon Crawl Stone Soup version 0.29.0-5-ge4962eb29e (webtiles) character file.

Game seed: 5230869167510558689

1050 vianneychevalier the Chopper (level 8, -9/69 HPs)
             Began as a Minotaur Fighter on Aug 29, 2022.
             Was a Follower of Makhleb.
             Mangled by an orc warrior
             ... wielding a +2 dire flail of protection
              (15 damage)
             ... on level 6 of the Dungeon.
             The game lasted 00:22:17 (5472 turns).

vianneychevalier the Chopper (Minotaur Fighter)     Turns: 5472, Time: 00:22:18

Health: -9/69      AC: 15    Str: 22    XL:     8   Next: 5%
Magic:  7/7        EV: 11    Int:  5    God:    Makhleb [*.....]
Gold:   275        SH:  5    Dex: 11    Spells: 7/7 levels left

rFire   + . .      SeeInvis +   z - +1 mace (protect)
rCold   . . .      Faith    .   c - +0 buckler
rNeg    . . .      Spirit   .   u - +3 leather armour
rPois   .          Reflect  .   (helmet restricted)
rElec   .          Harm     .   (no cloak)
rCorr   .          Rampage  .   (no gloves)
Will    .....                   t - +0 pair of boots
Stlth   +.........              (no amulet)
HPRegen 0.21/turn               e - ring of see invisible
MPRegen 0.10/turn               g - ring of protection from fire

@: mighty, lethally poisoned (-9 -> -15), under a protective aura, studying
Unarmed Combat
A: horns 2, retaliatory headbutt
a: Renounce Religion


You were on level 6 of the Dungeon.
You worshipped Makhleb.
Makhleb was aware of your devotion.
You visited 1 branch of the dungeon, and saw 6 of its levels.

You collected 275 gold pieces.

Inventory:

Hand Weapons
 a - a +1 war axe
 j - a +0 dagger of draining
 l - a +0 dagger of protection
 o - a +2 dagger of speed
 z - a +1 mace of protection (weapon)
Missiles
 q - a throwing net
 r - 2 boomerangs of dispersal (quivered)
Armour
 b - a +1 scale mail
 c - a +0 buckler (worn)
 t - a +0 pair of boots (worn)
 u - a +3 leather armour (worn)
Jewellery
 e - a ring of see invisible (left hand)
 f - a ring of willpower
 g - a ring of protection from fire (right hand)
 i - an amulet of magic regeneration
Wands
 y - a wand of digging (5)
 C - a wand of flame (14)
Scrolls
 h - 5 scrolls of teleportation
 k - 2 scrolls of vulnerability
 s - a scroll of brand weapon {unknown}
 v - a scroll of noise {unknown}
 B - a scroll of immolation {unknown}
Potions
 m - a potion of mutation {unknown}
 n - 2 potions of brilliance
 p - a potion of invisibility {unknown}
 w - a potion of degeneration {unknown}
 x - a potion of lignification {unknown}
 A - a potion of curing


   Skills:
 + Level 5.5 Fighting
 + Level 7.4(7.8) Axes
 + Level 3.2(5.7) Maces & Flails
 + Level 5.6 Armour
 + Level 2.3 Dodging
 + Level 0.2 Stealth
 + Level 5.5 Shields


You had 7 spell levels left.
You didn't know any spells.
Your spell library contained the following spells:

 Spells                   Type           Power      Damage    Failure   Level
 Necrotise                Necr           0%         1d4       61%         1
 Ensorcelled Hibernation  Hex/Ice        0%         N/A       75%         2
 Confusing Touch          Hex            0%         N/A       93%         3
 Gell's Gravitas          Tloc           0%         N/A       93%         3
 Spider Form              Tmut/Pois      0%         N/A       93%         3
 Stone Arrow              Conj/Erth      0%         3d7       93%         3
 Teleport Other           Tloc           0%         N/A       93%         3
 Vampiric Draining        Necr           0%         2d6       93%         3
 Anguish                  Hex/Necr       0%         N/A       100%        4
 Animate Armour           Summ/Erth      0%         N/A       100%        4
 Summon Lightning Spire   Summ/Air       0%         N/A       100%        4
 Agony                    Necr           0%         N/A       100%        5
 Yara's Violent Unravell  Hex/Tmut       0%         3d3       100%        5
 Dispersal                Tloc           0%         N/A       100%        6
 Enfeeble                 Hex            0%         N/A       100%        7
 Storm Form               Tmut/Air       0%         N/A       100%        7
 Lehudib's Crystal Spear  Conj/Erth      0%         10d2      100%        8
 Maxwell's Capacitive Co  Air            0%         ∞         100%        8


Dungeon Overview and Level Annotations

Branches:
Dungeon (6/15)
 Temple: D:4-7

Altars:
Makhleb
Vehumet

Shops:
D:3 *


Innate Abilities, Weirdness & Mutations

You have a pair of horns on your head.
You reflexively headbutt those who attack you in melee.


Message History

A killer bee comes into view.
You closely miss the orc warrior.
The orc warrior is lightly wounded.
The killer bee buzzes angrily.
The killer bee stings you but does no damage.
You block the orc warrior's attack.
You hit the orc warrior.
The orc warrior is lightly wounded.
The killer bee stings you.
You are poisoned.
The killer bee poisons you! The killer bee stings you.
You are more poisoned.
The killer bee poisons you! You block the orc warrior's attack.
The orc hits you with a +0 club. The killer bee barely misses you.
You furiously retaliate!
You headbutt the killer bee.
The killer bee stings you but does no damage.
You feel very mighty all of a sudden.
You feel very sick. The killer bee closely misses you.
The killer bee stings you but does no damage.
The orc barely misses you. You furiously retaliate!
You headbutt the orc.
The orc warrior hits you with a +2 dire flail of protection!
The orc hits you with a +0 club.
The killer bee stings you but does no damage. x2
You closely miss the killer bee.
The killer bee is moderately wounded.
You feel sick. You block the killer bee's attack. The killer bee stings you.
You block the orc's attack.
The orc warrior hits you with a +2 dire flail of protection!!
* * * LOW HITPOINT WARNING * * *
The orc hits you but does no damage.
The killer bee stings you but does no damage.
You block the killer bee's attack.
You can't go down here!
* * * LOW HITPOINT WARNING * * *
You feel sick.
The killer bee stings you but does no damage. x2
The orc completely misses you.
The orc warrior hits you with a +2 dire flail of protection!
You die...

#####
#..)#
#y@o#
#.yoo#
#..y##
#....#
.....##
#...♣.
##....
##...


You could see an orc warrior, 3 killer bees and 2 orcs.

Vanquished Creatures
  An ogre (D:5)
  A phantom (D:5)
  Blork the orc (D:5)
  A bullfrog (D:4)
  A necrophage (D:5)
  2 scorpions
  2 hounds (D:5)
  Jessica (D:2)
  3 iguanas
  Natasha (thrice) (D:2)
  2 orc wizards (D:3)
  Robin (D:2)
  11 gnolls
  6 adders
  2 shadow imps
  A white imp (D:5)
  2 worms (D:3)
  2 dart slugs
  8 orcs
  8 ball pythons
  5 endoplasms
  A giant cockroach (D:2)
  15 goblins
  9 hobgoblins
  7 jackals
  A quokka (D:2)
  9 bats
  7 frilled lizards
  6 kobolds
  2 rats
121 creatures vanquished.

Vanquished Creatures (others)
  5 fungi (D:1)
  3 plants (D:1)
8 creatures vanquished.

Grand Total: 129 creatures vanquished

Notes
Turn   | Place    | Note
-------+----------+-------------------------------------------
     0 | D:1      | vianneychevalier the Minotaur Fighter began the quest for
                  | the Orb.
     0 | D:1      | Reached XP level 1. HP: 19/19 MP: 0/0
   196 | D:1      | Found a faded altar of an unknown god.
   209 | D:1      | Reached XP level 2. HP: 27/27 MP: 1/1
   267 | D:1      | Prayed at the altar of an unknown god.
   267 | D:1      | Became a worshipper of Vehumet
   267 | D:1      | Reached * piety under Vehumet
   267 | D:1      | Offered knowledge of Sandblast by Vehumet.
   337 | D:1      | Fell from the grace of Vehumet
  1304 | D:2      | Reached skill level 3 in Axes
  1304 | D:2      | Reached XP level 3. HP: 28/33 MP: 2/2
  1445 | D:2      | Noticed Natasha
  1451 | D:2      | Killed Natasha
  1506 | D:2      | Reached XP level 4. HP: 41/41 MP: 3/3
  1524 | D:2      | Noticed Natasha
  1528 | D:2      | Killed Natasha
  1570 | D:2      | Noticed Natasha
  1575 | D:2      | Killed Natasha
  1576 | D:2      | Reached skill level 4 in Axes
  1639 | D:2      | Noticed Robin
  1647 | D:2      | Reached XP level 5. HP: 25/47 MP: 4/4
  1648 | D:2      | Killed Robin
  1982 | D:2      | Noticed Jessica
  1994 | D:2      | Killed Jessica
  2232 | D:3      | Found Ottychacin's General Store.
  2244 | D:3      | Reached skill level 5 in Axes
  2592 | D:3      | Reached XP level 6. HP: 38/53 MP: 5/5
  2888 | D:3      | Reached skill level 5 in Armour
  3932 | D:4      | Found a burning altar of Makhleb.
  3944 | D:4      | Became a worshipper of Makhleb the Destroyer
  4121 | D:4      | Reached skill level 5 in Fighting
  4121 | D:4      | Reached skill level 6 in Axes
  4121 | D:4      | Reached skill level 1 in Dodging
  4571 | D:4      | Reached XP level 7. HP: 61/61 MP: 6/6
  4628 | D:5      | Entered Level 5 of the Dungeon
  4837 | D:5      | Reached skill level 7 in Axes
  5016 | D:5      | Reached skill level 1 in Maces & Flails
  5177 | D:5      | Reached skill level 5 in Shields
  5213 | D:5      | Reached * piety under Makhleb
  5315 | D:5      | Noticed Blork the orc
  5327 | D:5      | Killed Blork the orc
  5328 | D:5      | Reached XP level 8. HP: 56/69 MP: 7/7
  5472 | D:6      | Mangled by an orc warrior

Illustrated notes

Levels and vault maps discovered:
D:1:      mainiacjoe_arrival_reflecting_pool, layout_basic,
          shapermc_ecumenical_altar_ellora
D:2:      layout_basic, minmay_stone_trees_small, minmay_lizard_pond,
          uniq_robin, uniq_jessica, uniq_natasha
D:3:      layout_basic, serial_shops, shop_fountains, minmay_pentangle
D:4:      layout_rooms, lemuel_coloured_pillars_altar
D:5:      layout_loops_cross, uniq_blork_the_orc
D:6:      layout_rooms, nicolae_gozag_conspicuous_consumption,
          gammafunk_ghost_split, grunt_ministairs_12, uniq_prince_ribbit1

Skill      XL: |  1  2  3  4  5  6  7 |
---------------+----------------------+-----
Fighting       | 4 5 |  5.5
Shields        | 4 5 |  5.5
Axes           | 3 4 5 6 7 |  7.4
Armour         | 4 5 |  5.6
Dodging        | 1 2 |  2.3
Maces & Flails | 3 |  3.2
Stealth        | |  0.2

Action                   |  1- 3 |  4- 6 |  7- 9 || total
-------------------------+-------+-------+-------++-------
Melee: War axe           |    76 |   121 |       ||   197
       Headbutt          |    16 |    16 |    13 ||    45
       Mace              |       |     9 |    75 ||    84
Invok: Renounce Religion |     1 |       |       ||     1
  Use: Scroll            |     5 |     1 |       ||     6
       Potion            |       |     2 |     1 ||     3
Armor: Scale mail        |    23 |    65 |       ||    88
       Leather armour    |       |    12 |    35 ||    47
Dodge: Dodged            |    32 |    75 |    41 ||   148
Block: Buckler           |    19 |    30 |    30 ||    79
